AoeStats
← hezarfen

Black Forest

510114687Analyzed
4v4 RM · 2d ago on Sep 29, 2026· 16m 52s· 8 players
Game mode
Random Map
Map size
Large (8 player)
Population
200
Speed
Normal
Resources
Standard
Victory
Conquest
Starting age
Dark Age
Ending age
Imperial Age
RankedLock teamsTeams togetherTeam positionsShared explorationLock speedFull tech treeHidden civsTurbo modeCheats
Victory
Defeat
🇨🇳 Danes · China
1286
+15
🇨🇳 Goths · China
1276
+16
🇨🇳 Khmer · China
1272
+16
🇨🇳 Slavs · China
1241
+17
🇭🇰 Vietnamese · Hong Kong SAR China
1309
-18
🇹🇷 Britons · Türkiye
1277
-16
🇵🇾 Japanese · Paraguay
1264
-16
🇨🇳 Franks · China
1211
-14
SkullBump
4:23 Loom
10:53 Feudal Age
15:05 Castle Age
13:16 Double-Bit Axe
13:50 Horse Collar
仙逆许木
4:53 Loom
11:30 Feudal Age
12:23 Double-Bit Axe
15:00 Castle Age
12:55 Horse Collar
16:15 Bow Saw
546308830
1:05 Loom
14:21 Feudal Age
15:01 Man-at-Arms
16:29 Double-Bit Axe
随机便投
0:54 Loom
11:12 Feudal Age
14:49 Castle Age
14:28 Double-Bit Axe
16:33 Horse Collar
动车的车头
1:38 Loom
9:33 Feudal Age
16:40 Double-Bit Axe
17:34 Wheelbarrow
WolffJesu
0:46 Loom
13:30 Feudal Age
14:24 Double-Bit Axe
17:33 Castle Age
hezarfen
0:37 Loom
11:57 Feudal Age
13:13 Wheelbarrow
12:26 Double-Bit Axe
12:24 Horse Collar
默默发育
10:59 Feudal Age
14:45 Castle Age
12:52 Double-Bit Axe
Connection lost

Rejoining the realm…

Still unreachable

The connection could not be restored.

Session expired

The server has moved on; the page needs a fresh start.